 Dungeon Crawl Stone Soup version 0.29.1-2-gbd0b4ee654 (webtiles) character file.

Game seed: 6106794351559856094

427 GigaChad the Covered (level 6, -5/56 HPs)
             Began as a Minotaur Fighter on Nov 21, 2022.
             Slain by a scorpion (6 damage)
             ... in an ossuary.
             The game lasted 00:08:28 (3568 turns).

GigaChad the Covered (Minotaur Fighter)             Turns: 3568, Time: 00:08:28

Health: -5/56      AC: 12    Str: 23    XL:     6   Next: 65%
Magic:  5/5        EV:  6    Int:  5    God:
Gold:   98         SH:  4    Dex:  9    Spells: 5/5 levels left

rFire   . . .      SeeInvis .   i - +0 trident (pain)
rCold   . . .      Faith    .   c - +0 buckler
rNeg    . . .      Spirit   .   m - +0 plate armour
rPois   .          Reflect  .   (helmet restricted)
rElec   .          Harm     .   (no cloak)
rCorr   .          Rampage  .   (no gloves)
Will    .....                   (no boots)
Stlth   ..........              (no amulet)
HPRegen 0.18/turn               (no ring)
MPRegen 0.09/turn               (no ring)

@: lethally poisoned (-5 -> -19)
A: horns 2, retaliatory headbutt
a: no special abilities


You were in an ossuary.
You visited 1 branch of the dungeon, and saw 4 of its levels.
You also visited: Ossuary.

You collected 98 gold pieces.

Inventory:

Hand Weapons
 a - a +0 war axe
 i - a +0 trident of pain (weapon)
Missiles
 u - 2 throwing nets (quivered)
Armour
 b - a +0 scale mail
 c - a +0 buckler (worn)
 j - a +0 chain mail
 m - a +0 plate armour (worn)
 s - the +1 robe of the True Pharaoh {Rampage *Corrode Dex+4}
   (You found it on level 3 of the Dungeon)

   Dex:       It affects your dexterity (+4).
   *Corrode:  It may corrode you when you take damage.
   Rampage:   It bestows one free step when moving towards enemies.
Scrolls
 e - 2 scrolls of noise
 g - 3 scrolls of teleportation {unknown}
 h - a scroll of enchant weapon {unknown}
 n - a scroll of acquirement {unknown}
 o - a scroll of identify
 p - a scroll of blinking {unknown}
Potions
 d - a potion of might
 f - a potion of flight {unknown}
 k - a potion of curing {unknown}
 q - a potion of berserk rage {unknown}
 r - a potion of mutation {unknown}
 t - a potion of attraction {unknown}


   Skills:
 * Level 5.0 Fighting
 + Level 3.4(4.1) Axes
 + Level 3.3(4.1) Polearms
 * Level 5.5 Armour
 + Level 1.2 Dodging
 + Level 0.1 Stealth
 * Level 4.3 Shields
 * Level 1.6 Necromancy


You had 5 spell levels left.
You didn't know any spells.
Your spell library was empty.

Dungeon Overview and Level Annotations

Branches:
Dungeon (4/15)            Ossuary (1/1)
 Temple: D:4-7

Altars:

Shops:
D:3 :


Innate Abilities, Weirdness & Mutations

You have a pair of horns on your head.
You reflexively headbutt those who attack you in melee.


Message History

The centaur zombie hits you.
* * * LOW HITPOINT WARNING * * *
The centaur zombie kicks you but does no damage.
* * * LOW HITPOINT WARNING * * *
You feel very sick.
The kobold zombie hits you but does no damage.
* * * LOW HITPOINT WARNING * * *
You feel very sick. The centaur zombie closely misses you.
The centaur zombie kicks you.
* * * LOW HITPOINT WARNING * * *
The kobold zombie hits you but does no damage.
The centaur zombie hits you but does no damage.
The centaur zombie kicks you.
* * * LOW HITPOINT WARNING * * *
You puncture the kobold zombie!
You destroy the kobold zombie!
* * * LOW HITPOINT WARNING * * *
You feel very sick. The scorpion barely misses you.
The centaur zombie hits you but does no damage.
The centaur zombie kicks you but does no damage.
The scorpion attacks as you move away! The scorpion stings you.
* * * LOW HITPOINT WARNING * * *
You feel less invigorated.
You feel less confused.
You feel sick. You block the scorpion's attack.
You completely miss the scorpion.
The scorpion is severely wounded.
You feel sick. You block the centaur zombie's attack.
The centaur zombie kicks you but does no damage.
The scorpion stings you.
* * * LOW HITPOINT WARNING * * *
You are more poisoned.
The scorpion poisons you!
The centaur zombie hits you but does no damage.
The centaur zombie kicks you but does no damage.
* * * LOW HITPOINT WARNING * * *
You feel very sick. The scorpion stings you.
You die...

#.......#...#.....8.....
##8...8######...........
#.......#??M#...........
#...8...#?.?###8.....8##
#...#...#=!.#...........
######'###'##...........
#...#...#...#.....8.....
#.∩.'.∩.#...†.sZ..#.....
#...#...#...#@....#.....
########### ############


You could see a scorpion and a centaur zombie.

Vanquished Creatures
  3 scorpions (Ossuary)
  2 centaur zombies (Ossuary)
  A human zombie (Ossuary)
  A scorpion zombie (Ossuary)
  2 mummies
  Robin (D:2)
  An adder (D:4)
  A worm (D:2)
  2 dart slugs
  8 ball pythons
  3 bats
  4 endoplasms
  4 giant cockroaches
  2 gnoll zombies (Ossuary)
  14 goblins
  9 hobgoblins
  4 jackals (D:2)
  5 quokkas
  5 frilled lizards
  3 goblin zombies
  4 kobolds
  A kobold zombie (Ossuary)
  3 orc zombies (Ossuary)
  5 rats
88 creatures vanquished.

Notes
Turn   | Place    | Note
-------+----------+-------------------------------------------
     0 | D:1      | GigaChad the Minotaur Fighter began the quest for the Orb.
     0 | D:1      | Reached XP level 1. HP: 19/19 MP: 0/0
   354 | D:1      | Reached XP level 2. HP: 27/27 MP: 1/1
  1238 | D:2      | Noticed Robin
  1243 | D:2      | Reached XP level 3. HP: 30/33 MP: 2/2
  1250 | D:2      | Killed Robin
  1561 | D:2      | Reached skill level 1 in Dodging
  1738 | D:2      | Reached XP level 4. HP: 41/41 MP: 3/3
  2711 | D:3      | Identified the +1 robe of the True Pharaoh {Rampage
                  | *Corrode Dex+4}
  2755 | D:3      | Found Ninafam's Vocational Training.
  3253 | D:4      | Found a sand-covered staircase.
  3262 | D:4      | Reached skill level 1 in Polearms
  3264 | Ossuary  | Entered an ossuary
  3272 | Ossuary  | Noticed a scorpion
  3284 | Ossuary  | Killed a scorpion
  3285 | Ossuary  | Reached skill level 5 in Armour
  3285 | Ossuary  | Reached XP level 5. HP: 25/47 MP: 4/4
  3288 | Ossuary  | Reached skill level 1 in Necromancy
  3362 | Ossuary  | Reached XP level 6. HP: 17/53 MP: 5/5
  3372 | Ossuary  | Reached skill level 5 in Fighting
  3568 | Ossuary  | HP: 1/56 [poisoned by a scorpion]
  3568 | Ossuary  | Slain by a scorpion

Illustrated notes

Levels and vault maps discovered:
D:1:      minmay_arrival_three_doors, layout_loops_ring, minmay_parallelograms,
          minivault_24
D:2:      layout_loops_ring, chequers_hall_statues_y, uniq_robin
D:3:      layout_loops_corners, nicolae_shop_vocational
D:4:      layout_basic, cheibrodos_sewer_entry_drain,
          nicolae_ossuary_entry_giza, minmay_fractal_squares_gapless_5,
          uniq_duvessa
Ossuary:  ossuary_minmay_scorpions

Skill      XL: |  1  2  3  4  5  6 |
---------------+-------------------+-----
Fighting       | 4 5 |  5.0
Shields        | 4 |  4.3
Armour         | 4 5 |  5.5
Axes           | 3 |  3.4
Dodging        | 1 |  1.2
Polearms       | 1 2 3 |  3.3
Necromancy     | 1 |  1.6
Stealth        | |  0.1

Action                   |  1- 3 |  4- 6 || total
-------------------------+-------+-------++-------
Melee: War axe           |    59 |       ||    59
       Headbutt          |    12 |    20 ||    32
       Trident           |    22 |   116 ||   138
  Use: Scroll            |       |     1 ||     1
       Potion            |       |     1 ||     1
Armor: Scale mail        |    37 |       ||    37
       Chain mail        |    13 |     6 ||    19
       Plate armour      |       |   153 ||   153
Dodge: Dodged            |    57 |    77 ||   134
Block: Buckler           |    21 |    35 ||    56
